 Dungeon Crawl Stone Soup version 0.21.1-1-g345015f (webtiles) character file.

6526 suicidejoker the Epochal (level 11, -1/72 HPs)
             Began as an Octopode Gladiator on Apr 22, 2018.
             Was an Elder of Cheibriados.
             Slain by Erica
             ... wielding a +1 scimitar of flaming
              (2 damage)
             ... on level 9 of the Dungeon.
             The game lasted 00:19:20 (7636 turns).

suicidejoker the Epochal (Octopode Gladiator)       Turns: 7636, Time: 00:19:21

Health: -1/72      AC:  3    Str: 25    XL:     11   Next: 1%
Magic:  20/20      EV: 19    Int: 21    God:    Cheibriados [****..]
Gold:   547        SH:  0    Dex: 25    Spells: 23/23 levels left

rFire    + . .     SeeInvis .   a - +0 flail
rCold    . . .     Gourm    .   (no shield)
rNeg     . . .     Faith    .   s - +2 hat
rPois    +         Spirit   .   j - amulet of regeneration
rElec    .         Reflect  .   r - ring of protection from fire
rCorr    .         Harm     .   x - ring of poison resistance
MR       .....                  y - ring of poison resistance
Stlth    +++++.....             (no ring)
HPRegen  0.62/turn              (no ring)
MPRegen  0.17/turn              (no ring)
                                (no ring)
                                (no ring)

@: very slow
A: almost no armour, stealthy swim, amphibious, 8 rings, constrict 8, camouflage
1, gelatinous body 1
a: Bend Time, Temporal Distortion, Slouch, Renounce Religion


You were on level 9 of the Dungeon.
You worshipped Cheibriados.
Cheibriados was greatly pleased with you.
You were hungry.

You visited 1 branch of the dungeon, and saw 9 of its levels.

You collected 547 gold pieces.

Inventory:

Hand Weapons
 a - a +0 flail (weapon)
 b - a +0 hand crossbow
 f - a +2 vampiric scythe
 I - a +0 blowgun
Missiles
 c - 2 throwing nets (quivered)
 e - 70 poisoned needles
 k - 103 bolts
 m - 99 stones
 n - 180 arrows
 B - 31 sling bullets
 C - 3 tomahawks
 D - 5 tomahawks of returning
Armour
 s - a +2 hat (worn)
Magical Staves
 t - an uncursed staff of conjuration {unknown}
 A - an uncursed staff of air {unknown}
 K - an uncursed staff of death {unknown}
Jewellery
 j - an amulet of regeneration (around mantle)
 r - a ring of protection from fire (left tentacle)
 x - a ring of poison resistance (right tentacle)
 y - a ring of poison resistance (on tentacle)
 M - a cursed -3 ring of evasion {unknown}
Wands
 q - a wand of digging (13)
 G - a wand of disintegration (11)
Scrolls
 h - a scroll of fear
 l - a scroll of amnesia
 o - 3 scrolls of teleportation
 u - 2 scrolls of remove curse
 v - a scroll of magic mapping
 z - 2 scrolls of identify
 E - a scroll of noise
Potions
 i - a potion of lignification
 p - a potion of haste {unknown}
 w - 3 potions of might {unknown}
 J - a potion of flight {unknown}
 N - a potion of invisibility {unknown}
Books
 H - a book of Flames

   Spells                             Type                      Level
   a - Flame Tongue                   Conjuration/Fire             1
   b - Throw Flame                    Conjuration/Fire             2
   c - Conjure Flame                  Conjuration/Fire             3
   d - Inner Flame                    Hexes/Fire                   3
   e - Sticky Flame                   Conjuration/Fire             4
   f - Fireball                       Conjuration/Fire             5
Comestibles
 d - 15 rations


   Skills:
 + Level 5.5 Fighting
 + Level 6.0 Maces & Flails
 * Level 1.4 Crossbows
 - Level 3.4 Throwing
 + Level 6.0 Dodging
 + Level 5.3 Stealth
 * Level 7.3 Unarmed Combat
 * Level 6.5 Spellcasting
 * Level 7.8 Invocations


You had 23 spell levels left.
You didn't know any spells.

Dungeon Overview and Level Annotations

Branches:
Dungeon (9/15)             Temple (0/1) D:4            Lair (0/6) D:8
    Orc: D:9-12

Altars:
Cheibriados
Dithmenos
Elyvilon
Fedhas
Hepliaklqana
Kikubaaqudgha
Makhleb
Okawaru
Qazlal
Trog
Uskayaw
Vehumet
Wu Jian
Xom
Zin

Annotations:
D:4 Natasha
D:9 Erica


Innate Abilities, Weirdness & Mutations

You cannot wear most types of armour.
You are very stealthy in the water. (Stealth+)
You are amphibious.
You can wear up to eight rings at the same time.
You can use your tentacles to constrict eight enemies at once.
Your skin changes colour to match your surroundings (Stealth+).
Your rubbery body absorbs attacks. (AC +1, EV +1)


Message History

You closely miss something.
Something wriggles in the net.
All of a sudden the net rips apart!
You miss something.
You hear some strange, mumbled words.
Something tries to affect you, but you resist.
You sock something! Something hits you! Something burns you.
You hit something but do no damage.
You hear some strange, mumbled words.
An orb of energy appears from out of thin air!
The orb of energy hits you!
The orb of energy explodes!
You hit something but do no damage. You tentacle-slap something.
You squeeze something.
You hear some strange, mumbled words.
An orb of energy appears from out of thin air!
The orb of energy hits you!
* * * LOW HITPOINT WARNING * * *
You feel better. Something hits you!
* * * LOW HITPOINT WARNING * * *
Something burns you.
You die...

######### .......
#.......#### ....@..
#......<##.. ...!...
#.........). .......
#.....†.†#.[ .......
###........#.. .......
##.........##..
.......####..#.......##..
.......{@...##.......##..
.(.....#######.......####
.!..... ######>## #######
#....# ###'####
#.....#### # #.....'..###
#.....##..## #.....###..#


There were no monsters in sight!

Vanquished Creatures
  A two-headed ogre (D:5)
  A death yak (D:8)
  Joseph (D:8)
  The ghost of yevrey the Ruffian, a novice DrTm (D:6)
  2 hippogriffs
  Sigmund (D:2)
  A wyvern (D:8)
  5 yaks (D:9)
  2 basilisks (D:8)
  A hungry ghost (D:7)
  Menkaure (D:6)
  A water moccasin (D:6)
  2 orc warriors
  An ice beast (D:5)
  A sky beast (D:7)
  A centaur (D:9)
  2 ogres
  2 big kobolds
  2 bullfrogs
  A gnoll sergeant (D:7)
  2 scorpions
  6 killer bees (D:7)
  2 howler monkeys
  A centaur zombie (D:9)
  A bullfrog zombie (D:6)
  4 crimson imps
  A quasit (D:5)
  2 jellies
  2 hounds (D:6)
  3 bullfrog skeletons
  2 orc priests (D:7)
  A centaur skeleton (D:6)
  2 iguanas
  Natasha (D:4)
  5 orc wizards
  8 worker ants
  A howler monkey zombie (D:8)
  2 worker ant zombies
  9 gnolls
  5 adders
  A shadow imp (D:5)
  3 adder zombies
  5 worms
  A dart slug (D:1)
  8 leopard geckos
  25 orcs
  3 ball pythons
  A giant cockroach (D:2)
  9 goblins
  4 hobgoblins
  4 jackals (D:4)
  7 quokkas
  A ball python skeleton (D:5)
  6 bats
  A frilled lizard (D:5)
  A jackal skeleton (D:6)
  17 kobolds
  A leopard gecko skeleton (D:6)
  6 rats
194 creatures vanquished.

Vanquished Creatures (others)
  A worker ant (D:5)
  A leopard gecko (D:5)
  2 orcs (D:5)
4 creatures vanquished.

Grand Total: 198 creatures vanquished

Notes
Turn   | Place    | Note
-------+----------+-------------------------------------------
     0 | D:1      | suicidejoker the Octopode Gladiator began the quest for the Orb.
     0 | D:1      | Reached XP level 1. HP: 14/14 MP: 1/1
    73 | D:1      | Reached XP level 2. HP: 19/19 MP: 2/2
   456 | D:1      | Reached skill level 1 in Unarmed Combat
   561 | D:1      | Reached skill level 1 in Spellcasting
  1077 | D:2      | Reached XP level 3. HP: 22/24 MP: 4/4
  1138 | D:2      | Found a snail-covered altar of Cheibriados.
  1149 | D:2      | Became a worshipper of Cheibriados the Contemplative
  1294 | D:2      | Noticed Sigmund
  1304 | D:2      | Killed Sigmund
  1304 | D:2      | Reached XP level 4. HP: 26/30 MP: 5/7
  1304 | D:2      | Reached XP level 5. HP: 30/35 MP: 5/8
  1361 | D:2      | Found a radiant altar of Vehumet.
  1685 | D:2      | Found a shimmering altar of Xom.
  1755 | D:2      | Reached * piety under Cheibriados
  2017 | D:3      | Reached XP level 6. HP: 34/41 MP: 9/9
  2028 | D:3      | Found an iron altar of Okawaru.
  2083 | D:3      | Found a blossoming altar of Fedhas.
  2418 | D:3      | Found a white marble altar of Elyvilon.
  2518 | D:4      | Found a staircase to the Ecumenical Temple.
  2976 | D:4      | Noticed Natasha
  2981 | D:4      | Killed Natasha
  2983 | D:4      | Reached XP level 7. HP: 25/46 MP: 11/11
  3288 | D:4      | Found a hazy altar of Hepliaklqana.
  3313 | D:4      | Found a burning altar of Makhleb.
  3350 | D:4      | Noticed Natasha
  3589 | D:5      | Entered Level 5 of the Dungeon
  3604 | D:5      | Reached ** piety under Cheibriados
  3649 | D:5      | Noticed a two-headed ogre
  3664 | D:5      | Killed a two-headed ogre
  3664 | D:5      | Reached XP level 8. HP: 41/54 MP: 11/13
  4252 | D:5      | Found a shimmering altar of Xom.
  4693 | D:6      | Reached skill level 5 in Invocations
  4696 | D:6      | Reached skill level 1 in Stealth
  4696 | D:6      | Reached skill level 5 in Unarmed Combat
  4700 | D:6      | Found a hide-covered altar of Uskayaw.
  4709 | D:6      | Reached *** piety under Cheibriados
  4727 | D:6      | Reached XP level 9. HP: 20/58 MP: 15/15
  4996 | D:6      | Noticed yevrey's ghost (novice DrTm)
  5029 | D:6      | Killed yevrey's ghost
  5325 | D:6      | Found a bloodstained altar of Trog.
  5369 | D:6      | Found a shadowy altar of Dithmenos.
  5416 | D:6      | Reached skill level 5 in Maces & Flails
  5416 | D:6      | Reached skill level 5 in Dodging
  5416 | D:6      | Reached skill level 5 in Spellcasting
  5450 | D:6      | Noticed Menkaure
  5454 | D:6      | Killed Menkaure
  5785 | D:7      | Found an ancient bone altar of Kikubaaqudgha.
  5792 | D:7      | Reached **** piety under Cheibriados
  6046 | D:7      | Found a glowing silver altar of Zin.
  6164 | D:7      | Reached ***** piety under Cheibriados
  6164 | D:7      | Reached XP level 10. HP: 52/65 MP: 18/18
  6367 | D:7      | Found an ornate altar of the Wu Jian Council.
  6387 | D:7      | Reached skill level 5 in Fighting
  6654 | D:8      | Noticed Joseph
  6663 | D:8      | Killed Joseph
  6938 | D:8      | Noticed a death yak
  6960 | D:8      | Killed a death yak
  7083 | D:8      | Found a staircase to the Lair.
  7138 | D:8      | Found a stormy altar of Qazlal.
  7458 | D:9      | Reached skill level 5 in Stealth
  7479 | D:9      | Reached skill level 1 in Crossbows
  7490 | D:9      | Reached XP level 11. HP: 39/72 MP: 20/20
  7619 | D:9      | Noticed Erica
  7636 | D:9      | HP: 1/72 [something (14)]
  7636 | D:9      | Slain by Erica

Skill      XL: |  1  2  3  4  5  6  7  8  9 10 11 |
---------------+----------------------------------+-----
Unarmed Combat | 1 2 3 4 5 6 7 |  7.3
Spellcasting   | 1 2 3 4 5 6 |  6.5
Invocations    | 2 3 4 5 6 7 |  7.8
Fighting       | 3 4 5 |  5.5
Maces & Flails | 4 5 6 |  6.0
Dodging        | 4 5 6 |  6.0
Stealth        | 1 3 5 |  5.3
Throwing       | 3 |  3.4
Crossbows      | 1 |  1.4

Action                   |  1- 3 |  4- 6 |  7- 9 | 10-12 || total
-------------------------+-------+-------+-------+-------++-------
Melee: Flail             |    55 |    61 |   181 |    78 ||   375
       Constrict         |    16 |    19 |    56 |    11 ||   102
       Tentacles         |    13 |    12 |    80 |    35 ||   140
       Unarmed           |       |       |    17 |    22 ||    39
       Punch             |       |       |    14 |    12 ||    26
 Fire: Blowgun           |       |       |     2 |    38 ||    40
       Hand crossbow     |       |       |       |    12 ||    12
Throw: Tomahawk          |     9 |     6 |    53 |     5 ||    73
       Throwing net      |     1 |     1 |       |     1 ||     3
Invok: Slouch            |       |       |       |     3 ||     3
Evoke: Wand              |       |       |       |     3 ||     3
  Use: Scroll            |     2 |       |     6 |     1 ||     9
       Potion            |     2 |       |     6 |     7 ||    15
 Stab: Sleeping          |     8 |     8 |     2 |       ||    18
       Distracted        |       |     1 |       |     1 ||     2
       Held in net/web   |       |     1 |       |       ||     1
  Eat: Chunk             |     1 |     4 |     5 |     2 ||    12
Armor: Skin              |       |     4 |    28 |    22 ||    54
Dodge: Dodged            |    29 |    46 |   183 |   122 ||   380
